 Dungeon Crawl Stone Soup version 0.31-a0-664-g902f515a81 (webtiles) character file.

Game seed: 13725570720614106674

168 mopl the Ruffian (level 5, 0/34 HPs)
             Began as an Octopode Shapeshifter on Sept 2, 2023.
             Killed by divine providence
             ... invoked by an orc priest
              (10 damage)
             ... on level 4 of the Dungeon.
             The game lasted 00:01:47 (2128 turns).

mopl the Ruffian (Octopode Shapeshifter)            Turns: 2128, Time: 00:01:48

Health: 0/34       AC:  1    Str: 14    XL:     5   Next: 48%
Magic:  5/5        EV: 13    Int: 18    God:
Gold:   204        SH:  4    Dex: 13    Spells: 4/4 levels left

rFire   . .          .
                       - Unarmed
rCold   . . .        e - +0 buckler
rNeg    . . .        (helmet currently unavailable)
rPois   .            (no amulet)
rElec   .            i - +6 ring of intelligence
rCorr   .            (no ring)
SInv    .            (no ring)
Will    .....        (no ring)
Stlth   ++           (no ring)
HPRegen 0.25/turn    (no ring)
MPRegen 0.09/turn    (no ring)
                     (no ring)

%: no passive effects
@: beast-form
A: beast (slay +2), almost no armour, amphibious, 8 rings, camouflage 1,
gelatinous body 1, (nimble swimmer 1), tentacles
a: Begin Untransformation


You were on level 4 of the Dungeon.
You were a hulking beast.
You visited 1 branch of the dungeon, and saw 4 of its levels.

You collected 204 gold pieces.

Inventory:

Missiles
 p - 8 poisoned darts (quivered)
Armour
 e - a +0 buckler (worn)
Jewellery
 i - a +6 ring of intelligence (left tentacle)
Talismans
 b - a beast talisman (active)
 c - a flux talisman
Scrolls
 d - a scroll of fog {unknown}
 f - a scroll of identify {unknown}
 j - a scroll of amnesia {unknown}
 k - a scroll of revelation {unknown}
 l - 2 scrolls of immolation {unknown}
 m - a scroll of enchant armour {unknown}
 o - a scroll of noise {unknown}
 q - a scroll of silence {unknown}
Potions
 a - a potion of lignification {!q}
 g - a potion of enlightenment {unknown}
 h - a potion of curing {unknown}
 n - a potion of heal wounds {unknown}
 r - a potion of ambrosia {unknown}


   Skills:
 + Level 2.1 Fighting
 + Level 0.6 Throwing
 + Level 2.7 Dodging
 * Level 4.2 Unarmed Combat
 * Level 4.0 Shapeshifting


You had 4 spell levels left.
You didn't know any spells.
Your spell library contained the following spells:

 Spells                   Type           Power      Damage    Failure   Level
 Poisonous Vapours        Pois/Air       0%         N/A       41%         2
 Mephitic Cloud           Conj/Pois/Air  0%         N/A       65%         3
 Freezing Cloud           Conj/Ice/Air   0%         6-21      100%        5


Dungeon Overview and Level Annotations

Branches:
Dungeon (4/15)
 Temple: D:4-7

Altars:
Qazlal


Innate Abilities, Weirdness & Mutations

You are a hulking beast.
Your limbs bulge with bestial killing power. (Slay +2)
You cannot wear most types of armour.
You are amphibious.
You can wear up to eight rings at the same time.
Your skin changes colour to match your surroundings (Stealth+).
Your rubbery body absorbs attacks. (AC +1, EV +1)
((You are camouflaged when in or above water. (Stealth+)))
You have tentacles for arms and can constrict up to eight enemies at once.


Message History

You closely miss the ball python.
The endoplasm quivers.
Your grab misses the ball python. The orc hits you but does no damage.
A hobgoblin comes into view.
The ball python barely misses you. The ball python constricts you.
The hobgoblin shouts!
You bludgeon the ball python!
You kill the ball python!
You hear a shout! x2
You block the orc's attack. The orc priest barely misses you.
Your Shapeshifting skill increases to level 4!
You completely miss the orc priest. Your grab misses the orc priest.
The orc hits you with a +0 club.
The orc priest mumbles some strange prayers to Beogh against you.
Pain shoots through your body! The orc hits you with a +0 dagger.
The white imp gestures at you. The puff of frost hits you.
You are too injured to fight recklessly!
You are too injured to fight recklessly!
You are too injured to fight recklessly!
You are too injured to fight recklessly!
You are too injured to fight recklessly!
You are too injured to fight recklessly!
You are too injured to fight recklessly!
You are too injured to fight recklessly!
You are too injured to fight recklessly!
You are too injured to fight recklessly!
You are too injured to fight recklessly!
You are too injured to fight recklessly!
You are too injured to fight recklessly!
You are too injured to fight recklessly!
Unknown command.
You tentacle-slap the orc priest. You grab the orc priest.
The orc priest is moderately wounded.
You constrict the orc priest. The orc hits you with a +0 club.
The orc hits you with a +0 dagger.
* * * LOW HITPOINT WARNING * * *
The orc priest invokes the aid of Beogh against you.
Beogh smites you!
You die...

.......#.##.# .........#.## ..
....g....... ...#..J..._....
...#...g....... .......g....#
########## #...oo....#
#......... #.5..ho...#
#......... #.........#
#......... #.........#
#.........
#..!......###.........
#######....##.........
...........##.........
...........##.........
......................
..##.............†.............


You could see an orc priest, a white imp, 2 orcs, an endoplasm, 2 hobgoblins and
a goblin.

Vanquished Creatures
  A scorpion (D:4)
  Jessica (D:2)
  2 adders
  2 dart slugs
  An orc (D:4)
  9 bats
  5 endoplasms
  3 giant cockroaches
  3 goblins
  5 hobgoblins
  2 jackals (D:1)
  2 quokkas
  7 ball pythons
  3 frilled lizards
  9 kobolds
  6 rats
61 creatures vanquished.

Notes
Turn   | Place    | Note
-------+----------+-------------------------------------------
     0 | D:1      | mopl the Octopode Shapeshifter began the quest for the Orb.
     0 | D:1      | Reached XP level 1. HP: 13/13 MP: 1/1
   150 | D:1      | Reached XP level 2. HP: 9/18 MP: 2/2
   427 | D:1      | Reached XP level 3. HP: 13/23 MP: 3/3
   716 | D:2      | Noticed Jessica
   722 | D:2      | Killed Jessica
   770 | D:2      | Reached XP level 4. HP: 29/29 MP: 4/4
  2079 | D:4      | Noticed a scorpion
  2086 | D:4      | Killed a scorpion
  2087 | D:4      | Reached skill level 2 in Fighting
  2087 | D:4      | Reached skill level 4 in Unarmed Combat
  2087 | D:4      | Reached XP level 5. HP: 28/34 MP: 5/5
  2119 | D:4      | Found a stormy altar of Qazlal.
  2127 | D:4      | Reached skill level 4 in Shapeshifting
  2128 | D:4      | Killed from afar by an orc priest

Illustrated notes

Levels and vault maps discovered:
D:1:      dpeg_arrival_chambers_temple_mockup, layout_basic,
          corexii_item_surrounded_by_moat, minmay_pentomino_u2
D:2:      layout_loops_corners, chequers_jeans, nrook_loot_triangle,
          kennysheep_nub, chequers_mini_garden, kennysheep_generic_room_16,
          uniq_jessica
D:3:      layout_basic, st_stairs_10, nrook_campfire
D:4:      layout_basic, overflow_temple_1_default, uniq_robin

Skill      XL: |  1  2  3  4  5 |
---------------+----------------+-----
Fighting       | 2 |  2.1
Unarmed Combat | 4 |  4.2
Shapeshifting  | 4 |  4.0
Throwing       | |  0.6
Dodging        | |  2.7

Action                     |  1- 3 |  4- 6 || total
---------------------------+-------+-------++-------
  Melee: Unarmed           |    57 |    60 ||   117
         Constrict         |    11 |    17 ||    28
         Tentacles         |     5 |    12 ||    17
         Punch             |     1 |       ||     1
  Throw: Dart              |       |     1 ||     1
   Stab: Sleeping          |     6 |     8 ||    14
 Armour: Skin              |    25 |    31 ||    56
  Dodge: Dodged            |    32 |    40 ||    72
  Block: Buckler           |     2 |     7 ||     9

Table legend: (Time is in decaauts)
 A = Elapsed time spent in this place.
 B = Non-inter-level travel time spent in this place.
 C = Inter-level travel time spent in this place.
 D = Time resting spent in this place.
 E = Time spent auto-exploring this place.
 F = Levels seen in this place.
 G = Mean time per level.
                   A        B        C        D        E       F      G
               +--------+--------+--------+--------+--------+-----+--------+
         Total |   2123 |   2010 |    113 |     38 |   1612 |   4 |  530.8 |
       Dungeon |   2123 |   2010 |    113 |     38 |   1612 |   4 |  530.8 |
               +--------+--------+--------+--------+--------+-----+--------+

Top non-repeatable levels by time:
     D:2: 893 daAuts
     D:1: 637 daAuts
     D:3: 514 daAuts
     D:4: 77 daAuts
